 Dungeon Crawl Stone Soup version 0.32-a0-818-gb728d0252e (webtiles) character file.

Game seed: 6491129949300667810

10714 olmar the Basher (level 11, 0/127 HPs)
             Began as a Mountain Dwarf Fighter on Mar 24, 2024.
             Was a High Priest of Okawaru.
             Succumbed to a cane toad's poison
             ... on level 1 of the Lair of Beasts.
             The game lasted 00:12:39 (8652 turns).

olmar the Basher (Mountain Dwarf Fighter)           Turns: 8652, Time: 00:12:40

Health: 0/127      AC: 25    Str: 24    XL:     11   Next: 39%
Magic:  18/18      EV:  2    Int:  8    God:    Okawaru [*****.]
Gold:   671        SH: 10    Dex:  9    Spells: 10/10 levels left

rFire   + . .        O - +0 demon whip (venom)
rCold   + . .        c - +0 buckler
rNeg    . . .        C - melded +2 leather armour "Dilacod" {Rampage Str+2 Int+3 SInv}
rPois   +            (helmet currently unavailable)
rElec   +            M - melded +0 cloak
rCorr   +            n - melded +1 pair of gloves
SInv    +            (boots currently unavailable)
Will    ++...        L - amulet of reflection
Stlth   +            j - ring of see invisible
HPRegen 0.41/turn    u - +5 ring of evasion
MPRegen 0.16/turn

%: reflection
@: lethally poisoned (0 -> -3), tree-form, resistant, attractive, enlightened,
hasted, invisible, very quick
A: stationary, stasis, torment immunity, boosted hp, runic magic, artefact
enchanting, (hooves 1), frail 1
a: Renounce Religion, Heroism, Finesse, Duel


You were on level 1 of the Lair of Beasts.
You worshipped Okawaru.
Okawaru was extremely pleased with you.
You were a tree.
You visited 3 branches of the dungeon, and saw 10 of its levels.

You collected 671 gold pieces.

Inventory:

Hand Weapons
 y - a +2 flail of protection
 O - a +0 demon whip of venom (weapon)
Missiles
 m - a curare-tipped dart
Armour
 c - a +0 buckler (worn)
 n - a +1 pair of gloves (melded)
 C - the +2 leather armour "Dilacod" (melded) {Rampage Str+2 Int+3 SInv}
   (You found it on level 5 of the Dungeon)

   Str+2:     It affects your strength (+2).
   Int+3:     It affects your intelligence (+3).
   SInv:      It lets you see invisible.
   Rampage:   It bestows one free step when moving towards enemies.
 M - a +0 cloak (melded)
Jewellery
 h - an amulet of the acrobat
 j - a ring of see invisible (left branch)
 p - a ring of magical power
 u - a +5 ring of evasion (right branch)
 v - a +6 ring of intelligence
 J - a +6 ring of dexterity
 L - an amulet of reflection (around neck)
Wands
 a - a wand of paralysis (6)
 d - a wand of flame (8) (quivered)
 o - a wand of mindburst (12)
 G - a wand of light (3)
Scrolls
 e - 5 scrolls of identify {unknown}
 g - a scroll of fog {unknown}
 i - a scroll of poison
 l - a scroll of torment {unknown}
 q - a scroll of silence {unknown}
 r - 2 scrolls of enchant armour
 s - a scroll of teleportation
 t - 2 scrolls of vulnerability {unknown}
 x - 2 scrolls of blinking {unknown}
 D - a scroll of fear {unknown}
 E - a scroll of immolation
 F - a scroll of noise
 H - a scroll of amnesia {unknown}
Potions
 f - 3 potions of mutation
 k - 2 potions of degeneration
 A - 2 potions of haste
 K - a potion of magic {unknown}
 N - a potion of might


   Skills:
 + Level 8.4 Fighting
 + Level 14.5 Maces & Flails
 + Level 7.4 Armour
 + Level 7.9 Shields
 * Level 9.5 Invocations


You had 10 spell levels left.
You didn't know any spells.
Your spell library contained the following spells:

 Spells                   Type           Power      Damage    Failure   Level
 Scorch                   Fire           0%         2d5       58%         2
 Sublimation of Blood     Necr           0%         N/A       58%         2
 Volatile Blastmotes      Fire/Tloc      0%         2d10      83%         3
 Flame Wave               Conj/Fire      0%         2d4       99%         4
 Fulminant Prism          Conj/Alch      0%         3d5       99%         4
 Iskenderun's Mystic Bla  Conj/Tloc      0%         2d3       99%         4
 Call Imp                 Summ           Unusable   N/A       N/A         2
 Summon Cactus Giant      Summ           Unusable   N/A       N/A         6
 Summon Hydra             Summ           Unusable   N/A       N/A         7

Dungeon Overview and Level Annotations

Branches:
Dungeon (8/15)             Temple (1/1) D:5            Lair (1/5) D:8

Altars:
Ashenzari
Cheibriados
Dithmenos
Elyvilon
Fedhas
Gozag
Hepliaklqana
Kikubaaqudgha
Makhleb
Nemelex Xobeh
Okawaru
Qazlal
Ru
Sif Muna
Trog
Uskayaw
Vehumet
Wu Jian
Xom
Yredelemnul
Zin
The Shining One

Annotations:
Lair:1 Erica


Innate Abilities, Weirdness & Mutations

You are a tree.
Your roots penetrate the ground, keeping you stationary.
You cannot be teleported.
You are immune to unholy pain and torment.
Your maximum health is greatly increased.
Your equipment is partially melded.
Your spellcasting is much less encumbered by armour.
You can use scrolls of enchantment on lesser artefacts.
((You have large cloven feet.))
You are frail. (-10% HP)


Message History

* * * LOW HITPOINT WARNING * * *
You feel very sick. You block the bullfrog's attack.
It was a potion of haste.
You feel yourself speed up.
* * * LOW HITPOINT WARNING * * *
You feel very sick.
The cane toad stings you but does no damage.
Unknown command.
Okay, then.
* * * LOW HITPOINT WARNING * * *
You feel very sick.
Okay, then.
* * * LOW HITPOINT WARNING * * *
You feel sick.
* * * LOW HITPOINT WARNING * * *
You feel sick.
Okay, then.
It was a potion of lignification.
You turn into a tree.
Your +0 cloak melds into your body.
Your +1 pair of gloves melds into your body.
The +2 leather armour "Dilacod" {Rampage Str+2 Int+3 SInv} melds into your body.
Your roots penetrate the ground.
* * * LOW HITPOINT WARNING * * *
You feel sick.
The bullfrog hits you but does no damage.
It was a potion of resistance.
You feel protected.
* * * LOW HITPOINT WARNING * * *
You feel sick. You block the bullfrog's attack.
Unknown command.
It was a potion of enlightenment.
Your roots keep you in place.
* * * LOW HITPOINT WARNING * * *
You feel sick. You block the bullfrog's attack.
It was a potion of invisibility.
You fade into invisibility!
* * * LOW HITPOINT WARNING * * *
You feel sick. You block the bullfrog's attack.
It was a potion of attraction.
You feel attractive to monsters.
You die...

###
############.#######
.......♣FF..........
......###.#.........
..... ###.........
.... #....##### ..#
#...## . .....
#...## #...# ...
#...#


You could see a cane toad (unable to see you) and a bullfrog (unable to see
you).

Vanquished Creatures
  A centaur warrior (D:8)
  Amaemon (Lair:1)
  Maurice (D:8)
  A meliai (D:8)
  A black mamba (Lair:1)
  Joseph (D:8)
  An orange demon (Lair:1)
  Jeremiah (D:6)
  3 cane toads (Lair:1)
  An efreet (D:8)
  A queen bee (shapeshifter) (D:8)
  A troll (D:8)
  Sigmund (D:5)
  A shadow (D:5)
  2 wyverns (D:8)
  3 steam dragons
  Grum (D:8)
  7 water moccasins
  3 orc warriors (D:8)
  2 ice beasts
  2 sky beasts
  5 black bears
  6 wolves
  2 ogres
  A phantom (D:5)
  5 centaurs
  2 kobold brigands (D:8)
  5 bullfrogs
  A scorpion (D:5)
  6 wights
  A killer bee (D:8)
  An electric eel (D:8)
  5 howler monkeys
  3 jellies
  4 orc priests
  A bombardier beetle (D:7)
  A sleepcap (D:7)
  2 hounds (D:5)
  3 iguanas
  Natasha (twice) (D:4)
  4 orc wizards
  7 gnolls
  10 adders
  4 shadow imps
  8 white imps
  5 ufetubi (D:7)
  2 ribbon worms
  2 dart slugs
  18 orcs
  4 ball pythons
  6 bats
  4 endoplasms
  2 giant cockroaches
  4 goblins
  5 hobgoblins
  A quokka (D:4)
  8 frilled lizards
  5 kobolds
  15 rats
206 creatures vanquished.

Vanquished Creatures (others)
  A steam dragon (D:8)
  A centaur (D:7)
  A howler monkey (D:8)
  An orc wizard (D:5)
4 creatures vanquished.

Grand Total: 210 creatures vanquished

Notes
Turn   | Place    | Note
-------+----------+-------------------------------------------
     0 | D:1      | olmar the Mountain Dwarf Fighter began the quest for the
                  | Orb.
     0 | D:1      | Reached XP level 1. HP: 19/19 MP: 1/1
   133 | D:1      | Reached XP level 2. HP: 25/26 MP: 2/2
   711 | D:2      | Reached skill level 3 in Maces & Flails
   796 | D:2      | Reached XP level 3. HP: 33/33 MP: 3/3
  1474 | D:3      | Reached XP level 4. HP: 36/40 MP: 4/4
  1559 | D:3      | Reached skill level 4 in Maces & Flails
  1669 | D:3      | Reached XP level 5. HP: 41/46 MP: 5/5
  1834 | D:3      | Found a blossoming altar of Fedhas.
  2111 | D:4      | Noticed Natasha
  2111 | D:4      | Noticed an ogre
  2130 | D:4      | Killed Natasha
  2131 | D:4      | Reached skill level 5 in Maces & Flails
  2133 | D:4      | Killed an ogre
  2296 | D:4      | Reached XP level 6. HP: 52/52 MP: 6/6
  2354 | D:4      | Found a burning altar of Makhleb.
  2592 | D:4      | Noticed Natasha
  2596 | D:4      | Killed Natasha
  2776 | D:5      | Entered Level 5 of the Dungeon
  2776 | D:5      | Found a staircase to the Ecumenical Temple.
  2802 | D:5      | Reached skill level 6 in Maces & Flails
  2811 | Temple   | Entered the Ecumenical Temple
  2821 | Temple   | Became a worshipper of Warmaster Okawaru
  2841 | D:5      | Identified the +2 leather armour "Dilacod" {Rampage Str+2
                  | Int+3 SInv}
  2962 | D:5      | Reached skill level 5 in Armour
  2962 | D:5      | Reached skill level 1 in Invocations
  3029 | D:5      | Found a bloodstained altar of Trog.
  3039 | D:5      | Noticed Sigmund
  3043 | D:5      | Found a sparkling altar of Nemelex Xobeh.
  3048 | D:5      | Killed Sigmund
  3048 | D:5      | Reached * piety under Okawaru
  3049 | D:5      | Reached skill level 7 in Maces & Flails
  3049 | D:5      | Reached XP level 7. HP: 39/60 MP: 6/8
  3204 | D:5      | Found a shadowy altar of Dithmenos.
  3616 | D:5      | Noticed a shadow
  3628 | D:5      | Reached skill level 8 in Maces & Flails
  3630 | D:5      | Reached XP level 8. HP: 48/67 MP: 10/10
  3960 | D:5      | Reached ** piety under Okawaru
  3961 | D:5      | Reached skill level 5 in Fighting
  4103 | D:6      | Reached skill level 9 in Maces & Flails
  4159 | D:6      | Found a radiant altar of Vehumet.
  4164 | D:6      | Found a glowing golden altar of the Shining One.
  4177 | D:6      | Noticed Jeremiah
  4189 | D:6      | Killed Jeremiah
  4190 | D:6      | Reached skill level 5 in Invocations
  4297 | D:6      | Identified the +4 hand axe of Moderation {antimagic, Dex+5}
  4324 | D:6      | Reached skill level 10 in Maces & Flails
  4324 | D:6      | Reached XP level 9. HP: 74/74 MP: 13/13
  4471 | D:6      | Found a hide-covered altar of Uskayaw.
  4528 | D:6      | Reached skill level 5 in Shields
  5500 | D:7      | Reached *** piety under Okawaru
  5615 | D:7      | Reached skill level 11 in Maces & Flails
  6039 | D:8      | Noticed Maurice
  6046 | D:8      | Maurice stole 506 gold
  6048 | D:8      | Maurice stole an amulet of reflection
  6050 | D:8      | Killed Maurice
  6212 | D:8      | Reached skill level 12 in Maces & Flails
  6212 | D:8      | Reached XP level 10. HP: 84/84 MP: 15/15
  6316 | D:8      | Reached **** piety under Okawaru
  6360 | D:8      | Noticed a meliai
  6366 | D:8      | Gained mutation: You have large cloven feet. [potion of
                  | mutation]
  6366 | D:8      | Gained mutation: You are frail. (-10% HP) [potion of
                  | mutation]
  6366 | D:8      | Identified the +1 orcbow of the Grave {heavy, rN++ Str-2}
  6372 | D:8      | Found a staircase to the Lair.
  6447 | D:8      | Noticed Joseph
  6459 | D:8      | Killed Joseph
  6541 | D:8      | Noticed a centaur warrior
  6563 | D:8      | Killed a centaur warrior
  6565 | D:8      | Reached skill level 13 in Maces & Flails
  6569 | D:8      | Reached ***** piety under Okawaru
  6653 | D:8      | HP: 1/77 [meliai/divine providence (10)]
  6656 | D:8      | Killed a meliai
  7056 | D:8      | Received a gift from Okawaru
  7315 | D:8      | Reached XP level 11. HP: 73/84 MP: 17/17
  7545 | D:8      | Noticed Grum
  7556 | D:8      | Killed Grum
  7938 | Lair:1   | Entered Level 1 of the Lair of Beasts
  7959 | Lair:1   | Noticed Amaemon
  7980 | Lair:1   | Killed Amaemon
  7981 | Lair:1   | Reached skill level 14 in Maces & Flails
  8632 | Lair:1   | Noticed Erica
  8646 | Lair:1   | HP: 4/85 [poisoned by a cane toad]
  8651 | Lair:1   | HP: 1/127 [poisoned by a cane toad]
  8652 | Lair:1   | Succumbed to a cane toad's poison

Illustrated notes

Levels and vault maps discovered:
D:1:      lightli_arrival_farm, layout_rooms, serial_glass, glass_columns_c,
          glass_columns_b, minmay_strange_pillars, due_unseen_surprise,
          item_on_display_a, minmay_strange_pillars, minmay_misc_feat_plants,
          minmay_rat_gold_closets
D:2:      layout_basic
D:3:      layout_rooms, mainiacjoe_overflow_paths, serial_bayou_crossing
D:4:      layout_basic, bloody_makhleb, uniq_natasha
D:5:      minmay_octagon_keep, layout_gridville, overflow_temple_1_default,
          overflow_temple_1_default, bloody_trog,
          minmay_temple_entry_gardened_gates, amcnicky_mini_pool_small,
          kennysheep_cross_room, minivault_26, grunt_decor_resistance,
          uniq_sigmund
D:6:      layout_basic, fiery_altar_vehumet, mainiacjoe_overflow_catch_the_wave,
          uniq_jeremiah
D:7:      layout_rooms, serial_demonic, serial_demonic_e, serial_demonic_a,
          serial_demonic_a, serial_demonic_d, serial_demonic_f,
          serial_demonic_c, serial_demonic_b, serial_demonic_a,
          serial_demonic_f, serial_demonic_e
D:8:      nzn_winding_woodlands_large [nzn_winding_woodlands_5x5_cross,
          nzn_winding_woodlands_5x15_sidewinder,
          nzn_winding_woodlands_5x5_default,
          nzn_winding_woodlands_center_diamonds,
          nzn_winding_woodlands_15x15_eel_pit,
          nzn_winding_woodlands_center_garden, nzn_winding_woodlands_5x5_three,
          nzn_winding_woodlands_5x15_cabin,
          nzn_winding_woodlands_5x5_checkerboard], layout_basic,
          lair_entry_dummy, minmay_small_thing, uniq_grum, uniq_joseph,
          uniq_maurice
Temple:   nicolae_temple_bog_church
Lair:1:   layout_chaotic_city, lemuel_fruit_tree, uniq_amaemon, uniq_erica

Skill      XL: |  1  2  3  4  5  6  7  8  9 10 11 |
---------------+----------------------------------+-----
Maces & Flails | 3 4 5 7 8 10 12 13 14 | 14.5
Armour         | 4 5 6 7 |  7.4
Fighting       | 4 5 6 7 8 |  8.4
Shields        | 4 5 7 |  7.9
Invocations    | 2 3 5 7 8 9 |  9.5

Action                     |  1- 3 |  4- 6 |  7- 9 | 10-12 || total
---------------------------+-------+-------+-------+-------++-------
  Melee: Flail             |   121 |   133 |   305 |   242 ||   801
         Kick              |       |       |       |    68 ||    68
         Demon whip        |       |       |       |    64 ||    64
  Throw: Throwing net      |       |     3 |     2 |     1 ||     6
 Invoke: Heroism           |       |       |     3 |     2 ||     5
         Finesse           |       |       |       |     2 ||     2
  Evoke: Wand              |       |       |     3 |    12 ||    15
    Use: Scroll            |     2 |     1 |       |     4 ||     7
         Potion            |       |     2 |     4 |    10 ||    16
   Stab: Confused          |       |       |     1 |       ||     1
         Held in net/web   |       |       |     1 |       ||     1
         Paralysed         |       |       |       |     2 ||     2
         Invisible         |       |       |       |     1 ||     1
 Armour: Scale mail        |    69 |    65 |    72 |       ||   206
         Leather armour    |       |       |   112 |   133 ||   245
         Skin              |       |       |       |     1 ||     1
  Dodge: Dodged            |    49 |    82 |   243 |   123 ||   497
  Block: Buckler           |    20 |    28 |    66 |   101 ||   215
         Reflection        |       |       |       |     7 ||     7

Table legend: (Time is in decaauts)
 A = Elapsed time spent in this place.
 B = Non-inter-level travel time spent in this place.
 C = Inter-level travel time spent in this place.
 D = Time resting spent in this place.
 E = Time spent auto-exploring this place.
 F = Levels seen in this place.
 G = Mean time per level.
                   A        B        C        D        E       F      G
               +--------+--------+--------+--------+--------+-----+--------+
         Total |   8603 |   8149 |    454 |    957 |   5573 |  10 |  860.3 |
       Dungeon |   7916 |   7481 |    435 |    775 |   5212 |   8 |  989.5 |
        Temple |     20 |      1 |     19 |      0 |      0 |   1 |   20.0 |
          Lair |    666 |    666 |      0 |    182 |    361 |   1 |  666.0 |
               +--------+--------+--------+--------+--------+-----+--------+

Top non-repeatable levels by time:
     D:8: 1871 daAuts
     D:6: 1351 daAuts
     D:5: 1288 daAuts
     D:2: 863 daAuts
     D:4: 703 daAuts
  Lair:1: 666 daAuts
     D:1: 644 daAuts
     D:3: 640 daAuts
     D:7: 551 daAuts
  Temple: 20 daAuts
